 Dungeon Crawl Stone Soup version 0.17.0 (webtiles) character file.

2914 patrick the Covert (level 9, -30/44 HPs)
             Began as a Spriggan Enchanter on Nov 17, 2015.
             Was a Follower of Kikubaaqudgha.
             Annihilated by Gastronok (36 damage)
             ... on level 9 of the Dungeon.
             The game lasted 00:17:14 (7286 turns).

patrick the Covert (Spriggan Enchanter)             Turns: 7286, Time: 00:17:16

Health: -30/44     AC:  5    Str:  4    XL:     9   Next: 50%
Magic:  14/27      EV: 23    Int: 19    God:    Kikubaaqudgha [*.....]
Gold:   541        SH:  0    Dex: 19    Spells: 6 memorised, 5 levels left

rFire  . . .     SeeInvis +     a - +2 dagger (venom)
rCold  . . .     Clarity  +     p - +1 robe
rNeg   . . .     SustAt   .     (shield restricted)
rPois  .         Gourm    .     (helmet restricted)
rElec  .         Spirit   .     l - +1 cloak
rCorr  .         Warding  .     (gloves unavailable)
rMut   .         Stasis   .     (boots unavailable)
MR     ++...                    (no amulet)
Stlth  ++++++....               z - ring of magical power
                                h - ring of wizardry

@: very slightly contaminated, very quick, very resistant to hostile
enchantments, very stealthy
A: unfitting armour, see invisible, agile 1, clarity, herbivore 3, speed 3,
magic resistance 1, slow metabolism 2
a: Receive Corpses, Renounce Religion


You were on level 9 of the Dungeon.
You worshipped Kikubaaqudgha.
Kikubaaqudgha was aware of your devotion.
You were full.

You visited 1 branch of the dungeon, and saw 9 of its levels.

You collected 541 gold pieces.

Inventory:

Hand Weapons
 a - a +2 dagger of venom (weapon)
 b - the +3 long sword "Zunumuj" {elec, rF+ rN+ Str+4}
   (You found it on level 5 of the Dungeon)

   Occasionally, upon striking a foe, it will discharge some electrical energy
   and cause terrible harm.
   It affects your strength (+4).
   It protects you from fire.
   It protects you from negative energy.
Armour
 l - a +1 cloak (worn)
 p - a +1 robe (worn)
Jewellery
 h - a ring of wizardry (left hand)
 k - an uncursed amulet of stasis
 o - an uncursed ring of poison resistance
 z - a ring of magical power (right hand)
Wands
 w - a wand of frost (22)
Scrolls
 f - 6 scrolls of teleportation
 g - 3 scrolls of amnesia
 i - 7 scrolls of remove curse
 m - a scroll of fear
 n - 4 scrolls of identify
 s - 2 scrolls of enchant armour
 v - a scroll of blinking
 B - a scroll of magic mapping
Potions
 c - a potion of heal wounds
 e - 2 potions of flight
 q - a potion of magic
 r - 2 potions of brilliance
 x - a potion of agility
 C - a potion of might
Books
 j - a Necronomicon

   Spells                             Type                      Level
   a - Haunt                          Necromancy/Summoning         7
   b - Borgnjor's Revivification      Necromancy                   8
   c - Death's Door                   Charms/Necromancy            8
   d - Necromutation                  Transmutation/Necromancy     8
 t - a book of Spatial Translocations

   Spells                             Type                      Level
   a - Apportation                    Translocation                1
   b - Blink                          Translocation                2
   c - Shroud of Golubria             Charms/Translocation         2
   d - Portal Projectile              Translocation                3
   e - Teleport Other                 Translocation                3
   f - Passage of Golubria            Translocation                4
 y - Kikubaaqudgha's Incunabulum of Unholy Secrets
   (Kikubaaqudgha gifted it to you on level 7 of the Dungeon)

   Spells                             Type                      Level
   a - Pain                           Necromancy                   1
   b - Corpse Rot                     Necromancy                   2
   c - Sublimation of Blood           Necromancy                   2
   d - Vampiric Draining              Necromancy                   3
   e - Control Undead                 Necromancy                   4
 A - a book of Maledictions

   Spells                             Type                      Level
   a - Corona                         Hexes                        1
   b - Ensorcelled Hibernation        Hexes/Ice                    2
   c - Confuse                        Hexes                        3
   d - Tukima's Dance                 Hexes                        3
   e - Dazzling Spray                 Conjuration/Hexes            3
Comestibles
 d - 7 bread rations
 u - a royal jelly


   Skills:
 + Level 3.4 Fighting
 + Level 4.9 Short Blades
 + Level 7.2 Dodging
 * Level 10.9 Stealth
 + Level 5.6 Spellcasting
 * Level 8.6 Hexes
 + Level 1.7 Necromancy
 + Level 3.2 Translocations


You had 5 spell levels left.
You knew the following spells:

 Your Spells              Type           Power        Failure   Level  Hunger
a - Corona                Hex            #####..      1%          1    None
b - Ensorcelled Hibernat  Hex/Ice        ###...       1%          2    None
c - Blink                 Tloc           N/A          2%          2    None
d - Confuse               Hex            #####...     1%          3    ##.....
e - Tukima's Dance        Hex            #####...     1%          3    ##.....
f - Vampiric Draining     Necr           ##........   7%          3    ##.....


Dungeon Overview and Level Annotations

Branches:
Dungeon (9/15)             Temple (0/1) D:6            Lair (0/8) D:8
    Orc: D:9-12

Altars:
Ashenzari
Cheibriados
Fedhas
Gozag
Kikubaaqudgha
Makhleb
Okawaru
Ru
Trog
Xom
Yredelemnul
Zin
The Shining One

Shops:
D:6 *:

Annotations:
D:9 Gastronok


Innate Abilities, Weirdness & Mutations

You are tiny and cannot use many weapons and most armour.
You have supernaturally acute eyesight.
You are a herbivore.
You cover ground extremely quickly.
You need consume almost no food.
You are agile. (Dex +2)
You possess an exceptional clarity of mind.
You are resistant to hostile enchantments.


Message History

You impale the giant frog skeleton!!
You destroy the giant frog skeleton!
Casting: Confuse
Confirm with . or Enter, or press ? or * to list all spells.
Aiming: Ensorcelled Hibernation
Press: ? - help, Shift-Dir - straight line, f - yak
Aim: a yak (chance to defeat MR: 50%)
The yak resists with some effort.
A giant frog comes into view.
Found 21 arrows and 33 stones.
Gastronok the Ponderous comes into view.
Found 8 gold pieces.
An orc comes into view. It is wielding a club.
The helpless Gastronok fails to defend himself.
You perforate Gastronok like a sieve!!!
Gastronok is poisoned.
Gastronok is heavily wounded.
Gastronok bites you!!!
Ouch! That really hurt!
You die...
Kikubaaqudgha rasps: "You have failed me!
Welcome... death!"

.##..#...#
#...##...
.##..#....
#...##...
.....#....
#.Y.......
.....#
#.........
.###+#
#.Y.##..F.
## #...#
..(.
######...##
...
#........(#
..
#......@..#
#.......w.+
#...##...##
#... #...#
#.. .....
##. ##$...#
#.o..#
.....#


You could see Gastronok, 2 yaks and an orc (sleeping).

Vanquished Creatures
  A komodo dragon (D:8)
  A yak (D:9)
  Duvessa (D:7)
  An orc warrior (D:7)
  A black bear (D:8)
  2 ogres
  5 centaurs
  A big kobold (D:8)
  4 giant frogs
  Dowan (D:7)
  2 scorpions
  A wight (D:7)
  3 crimson imps
  A centaur zombie (D:6)
  2 giant frog zombies
  2 centaur skeletons (D:6)
  2 giant frog skeletons
  3 hounds
  A jelly (D:7)
  8 orc wizards
  2 iguanas
  An orc priest (D:3)
  5 worker ants
  A hound zombie (D:8)
  A hound skeleton (D:5)
  5 adders
  5 gnolls
  A shadow imp (D:6)
  An adder skeleton (D:4)
  2 worms
  4 giant geckos
  20 orcs
  2 giant cockroaches
  8 hobgoblins
  9 jackals
  A ball python (D:4)
  4 bats
  2 giant gecko zombies (D:6)
  7 giant newts
  4 goblins
  13 kobolds
  7 quokkas
  A quokka skeleton (D:4)
  5 rats
  A plant (D:8)
155 creatures vanquished.

Vanquished Creatures (collateral kills)
  An ogre (D:5)
  2 wights (D:7)
  3 gnolls (D:6)
6 creatures vanquished.

Vanquished Creatures (others)
  A dancing weapon (D:4)
  A human (D:6)
2 creatures vanquished.

Grand Total: 163 creatures vanquished

Notes
Turn   | Place    | Note
--------------------------------------------------------------
     0 | D:1      | patrick the Spriggan Enchanter began the quest for the Orb.
     0 | D:1      | Reached XP level 1. HP: 9/9 MP: 5/5
   417 | D:1      | Reached XP level 2. HP: 10/13 MP: 6/6
   421 | D:1      | Learned a level 2 spell: Ensorcelled Hibernation
   993 | D:2      | Reached skill level 5 in Stealth
  1264 | D:2      | Reached XP level 3. HP: 15/17 MP: 2/8
  1340 | D:2      | Learned a level 3 spell: Confuse
  1959 | D:3      | Reached XP level 4. HP: 21/21 MP: 5/9
  1972 | D:3      | Reached skill level 1 in Fighting
  1972 | D:3      | Reached skill level 6 in Stealth
  2008 | D:3      | Learned a level 3 spell: Tukima's Dance
  2073 | D:3      | Found a bloodstained altar of Trog.
  2078 | D:3      | Reached XP level 5. HP: 22/25 MP: 10/10
  2331 | D:3      | Gained mutation: You possess an exceptional clarity of mind. [potion of mutation]
  2331 | D:3      | Gained mutation: You are resistant to hostile enchantments. [potion of mutation]
  2414 | D:3      | Found a basalt altar of Yredelemnul.
  2414 | D:3      | Found a shattered altar of Ashenzari.
  2606 | D:4      | Reached skill level 5 in Hexes
  2694 | D:4      | Reached XP level 6. HP: 12/30 MP: 8/12
  2835 | D:4      | Reached skill level 7 in Stealth
  3152 | D:5      | Entered Level 5 of the Dungeon
  3194 | D:5      | Found a sacrificial altar of Ru.
  3195 | D:5      | Found a glowing golden altar of the Shining One.
  3506 | D:5      | Reached XP level 7. HP: 29/34 MP: 10/13
  3611 | D:5      | Got a warped long sword
  3612 | D:5      | Identified the +3 long sword "Zunumuj" {elec, rF+ rN+ Str+4} (You found it on level 5 of the Dungeon)
  3757 | D:5      | Found an opulent altar of Gozag.
  3757 | D:5      | Found an ancient bone altar of Kikubaaqudgha.
  3758 | D:5      | Found a glowing silver altar of Zin.
  4141 | D:6      | Found Huqehid's Assorted Antiques.
  4180 | D:6      | Reached skill level 8 in Stealth
  4185 | D:6      | Found an ancient bone altar of Kikubaaqudgha.
  4216 | D:6      | Noticed a human
  4219 | D:6      | Killed a human
  4221 | D:6      | Became a worshipper of Kikubaaqudgha
  4253 | D:6      | Found a staircase to the Ecumenical Temple.
  4255 | D:6      | Found Rayjusk's Book Shop.
  4259 | D:6      | Reached skill level 5 in Dodging
  4463 | D:6      | You fall through a shaft for 3 floors!
  4561 | D:8      | Reached skill level 9 in Stealth
  4561 | D:8      | Reached XP level 8. HP: 26/39 MP: 10/15
  4669 | D:7      | Noticed Duvessa
  4669 | D:7      | Noticed Dowan
  4920 | D:6      | Learned a level 2 spell: Blink
  5016 | D:6      | Gained mutation: You are agile. (Dex +2) [potion of beneficial mutation]
  5564 | D:7      | Killed Duvessa
  5564 | D:7      | Reached skill level 5 in Spellcasting
  5575 | D:7      | Killed Dowan
  5577 | D:7      | Reached * piety under Kikubaaqudgha
  5577 | D:7      | Received a gift from Kikubaaqudgha
  5578 | D:7      | Identified Kikubaaqudgha's Incunabulum of Unholy Secrets (Kikubaaqudgha gifted it to you on level 7 of the Dungeon)
  5583 | D:7      | Learned a level 3 spell: Vampiric Draining
  5641 | D:7      | Reached skill level 10 in Stealth
  5650 | D:7      | Reached skill level 1 in Translocations
  5676 | D:7      | Found an iron altar of Okawaru.
  5705 | D:7      | Found a basalt altar of Yredelemnul.
  5876 | D:7      | Reached XP level 9. HP: 41/44 MP: 17/17
  6021 | D:7      | Found a blossoming altar of Fedhas.
  6187 | D:7      | Reached skill level 1 in Necromancy
  6244 | D:7      | Found a snail-covered altar of Cheibriados.
  6871 | D:8      | Found a staircase to the Lair.
  6872 | D:8      | Noticed a komodo dragon
  6935 | D:8      | Killed a komodo dragon
  7190 | D:8      | Found a shimmering altar of Xom.
  7191 | D:8      | Found a burning altar of Makhleb.
  7247 | D:9      | Noticed a yak
  7248 | D:9      | Noticed a yak
  7249 | D:9      | Noticed a yak
  7249 | D:9      | Noticed a yak
  7255 | D:9      | Killed a yak
  7279 | D:9      | Noticed Gastronok
  7286 | D:9      | Annihilated by Gastronok

Action                   |  1- 3 |  4- 6 |  7- 9 || total
-------------------------+-------+-------+-------++-------
Melee: Dagger            |    84 |   118 |   162 ||   364
 Cast: Ensorcelled Hiber |    29 |    14 |    95 ||   138
       Confuse           |       |     7 |     7 ||    14
       Tukima's Dance    |       |     6 |     5 ||    11
Evoke: Wand              |       |       |     3 ||     3
  Use: Scroll            |     2 |    10 |     7 ||    19
       Potion            |     3 |     4 |     5 ||    12
 Stab: Sleeping          |    29 |    18 |    57 ||   104
       Confused          |       |     3 |     5 ||     8
       Invisible         |       |     2 |     1 ||     3
       Distracted        |       |       |     2 ||     2
  Eat: Fruit             |       |     5 |       ||     5
       Royal jelly       |       |       |     1 ||     1
       Bread ration      |       |       |     1 ||     1
